 Dungeon Crawl Stone Soup version 0.29.1-13-g9f3cf754e1 (webtiles) character file.

Game seed: 8228137102247764972

93 ChrisAssaf the Magician (level 4, -2/31 HPs)
             Began as a Djinni Summoner on Jan 27, 2023.
             Was a Priest of Ignis.
             Slain by Crazy Yiuf
             ... wielding a +4 quarterstaff of chaos
              (18 damage)
             ... on level 3 of the Dungeon.
             The game lasted 00:12:47 (2949 turns).

ChrisAssaf the Magician (Djinni Summoner)           Turns: 2949, Time: 00:12:48

Health: -2/31      AC: 10    Str:  7    XL:     4   Next: 92%
Gold:   101        EV: 13    Int: 19    God:    Ignis [***...] SH:  0 Dex: 13

rFire   + + +      SeeInvis .   i - +0 trident
rCold   x . .      Faith    .   (no shield)
rNeg    . . .      Spirit   .   a - +1 robe
rPois   ∞          Reflect  .   (no helmet)
rElec   .          Harm     .   (no cloak)
rCorr   .          Rampage  .   (no gloves)
Will    .....                   (boots unavailable)
Stlth   ++........              (no amulet)
HPRegen 0.10/turn               (no ring)
MPRegen 0.00/turn               (no ring)

@: fiery-armoured, flying
A: sickness immunity, fire resistance 2, cold vulnerability 1, float, innate
caster, HP casting, extra vitality 1
a: Renounce Religion, Fiery Armour, Foxfire Swarm, Rising Flame


You were on level 3 of the Dungeon.
You worshipped Ignis.
Ignis was most pleased with you.
You visited 1 branch of the dungeon, and saw 3 of its levels.

You collected 101 gold pieces.

Inventory:

Hand Weapons
 i - a +0 trident (weapon)
Missiles
 f - 2 boomerangs (quivered)
Armour
 a - a +1 robe (worn)
Jewellery
 g - a ring of positive energy
Potions
 c - a potion of mutation {unknown}
 d - 2 potions of might
 e - a potion of invisibility {unknown}
 h - a potion of heal wounds {unknown}
 j - a potion of lignification {unknown}


   Skills:
 * Level 0.1 Fighting
 * Level 0.1 Armour
 * Level 3.2 Dodging
 * Level 2.0 Stealth
 * Level 4.1 Spellcasting


You couldn't memorise any spells.
You knew the following spells:

 Your Spells              Type           Power      Damage    Failure   Level
a - Summon Small Mammal   Summ           76%        N/A       2%          1
b - Call Imp              Summ           19%        N/A       3%          2
c - Call Canine Familiar  Summ           19%        N/A       8%          3
d - Summon Guardian Gole  Hex/Summ       19%        N/A       8%          3
e - Summon Lightning Spi  Summ/Air       19%        N/A       24%         4
f - Slow                  Hex            76%        N/A       2%          1
Your spell library was empty.

Dungeon Overview and Level Annotations

Branches:
Dungeon (3/15)

Altars:
Ignis

Annotations:
D:3 Crazy Yiuf


Innate Abilities, Weirdness & Mutations

You are immune to sickness and miasma.
You are immune to poison.
Your flesh is very heat resistant. (rF++)
You are vulnerable to cold. (rC-)
You float through the air rather than walking.
You learn spells naturally, not from books.
Your magical power is your life essence.
You have superior vitality. (+4 MHP)


Message History

Confirm with . or Enter, or press ? or * to list all spells.
The spell is quite dangerous to miscast (8% risk of failure)!
Continue anyway?
Crazy Yiuf cries, "You leg down broken song, no?"
You reach down and open the door.
You swap places.
Your hound bites Crazy Yiuf but does no damage.
Crazy Yiuf grits, "Millenium shoe pizzabubble!"
Crazy Yiuf hits your hound with a +4 quarterstaff of chaos!
Your hound seems to speed up.
Your hound bites Crazy Yiuf.
Your hound bites Crazy Yiuf.
Crazy Yiuf hits your hound with a +4 quarterstaff of chaos!
Your hound dies!
Your hound's corpse disappears in a puff of smoke!
Casting: Call Canine Familiar (quite dangerous; 8% risk of failure)
Confirm with . or Enter, or press ? or * to list all spells.
A beastly little devil appears in a puff of frigid air.
What are your orders? t - Shout!
Orders for allies: a - Attack new target. r - Retreat! s - Stop attacking. g - Guard the area. f - Follow me.
Anything else - Cancel.
Gang up on whom?
Press: ? - help, Dir - move target, f - Crazy Yiuf
Aim: Crazy Yiuf, wielding a +4 quarterstaff of chaos and wearing a +0 cloak (purple smoke, moderately wounded) Attack!
You swap places.
Crazy Yiuf hits your white imp with a +4 quarterstaff of chaos!
Your white imp dies!
Your white imp disappears in a puff of smoke!
Throw: 2 boomerangs
Press: ? - help, Q - select action, (/) - cycle Shift-Dir - straight line, f/p - Crazy Yiuf
Aim: Crazy Yiuf, wielding a +4 quarterstaff of chaos and wearing a +0 cloak (moderately wounded, 60% to hit)
You throw a boomerang. The boomerang barely misses Crazy Yiuf.
Your cloak of flame flares fiercely!
Crazy Yiuf hits you with a +4 quarterstaff of chaos.
You are electrocuted!!
Ouch! That really hurt!
You die...

#.#
##.##
#...##
#....#
#....#
#PPP.#
###P.#
#.##
##@#
#g##
##.#
#.##
#'#
...
#...#
#)..#
#####


You could see Crazy Yiuf.

Vanquished Creatures
  An adder (D:2)
  A dart slug (D:2)
  A giant cockroach (D:2)
  4 jackals (D:2)
  2 ball pythons
  A bat (D:2)
  2 frilled lizards (D:2)
12 creatures vanquished.

Vanquished Creatures (collateral kills)
  An iguana (D:3)
  An adder (D:2)
  A dart slug (D:2)
  7 bats
  3 endoplasms
  4 giant cockroaches
  3 goblins
  A hobgoblin (D:1)
  2 jackals (D:1)
  2 kobolds (D:1)
  2 quokkas
  A ball python (D:1)
  A frilled lizard (D:2)
  A rat (D:2)
30 creatures vanquished.

Vanquished Creatures (others)
  33 foxfires (D:2)
  A fungus (D:3)
34 creatures vanquished.

Grand Total: 76 creatures vanquished

Notes
Turn   | Place    | Note
-------+----------+-------------------------------------------
     0 | D:1      | ChrisAssaf the Djinni Summoner began the quest for the Orb.
     0 | D:1      | ChrisAssaf set off with the following spells memorised:
                  | Summon Small Mammal, Call Imp, Call Canine Familiar, Summon
                  | Guardian Golem, Summon Lightning Spire.
     0 | D:1      | Reached XP level 1. HP: 15/15 MP: 0/0
   837 | D:1      | Found a faded altar of an unknown god.
   847 | D:1      | Prayed at the altar of an unknown god.
   847 | D:1      | Became a worshipper of Ignis, the Dying Flame
   882 | D:1      | Reached XP level 2. HP: 10/21 MP: 0/0
  1159 | D:2      | Reached XP level 3. HP: 22/25 MP: 0/0
  1159 | D:2      | Learned a level 1 spell: Slow
  1642 | D:2      | Reached skill level 4 in Spellcasting
  1694 | D:2      | Reached XP level 4. HP: 20/31 MP: 0/0
  2919 | D:3      | Noticed a nameless horror
  2936 | D:3      | Found a runed translucent door.
  2937 | D:3      | Noticed Crazy Yiuf
  2949 | D:3      | Slain by Crazy Yiuf

Illustrated notes

Levels and vault maps discovered:
D:1:      moated_graveyard_arrival, layout_loops_corners,
          ebering_ecumenical_altar_mist
D:2:      layout_rooms
D:3:      layout_basic, mainiacjoe_overflow_alcove_4, gammafunk_ghost_arena,
          serial_corexii_hall, chequers_hall_statues_y, corexii_hall_statues_x,
          uniq_crazy_yiuf_cottage

Skill      XL: |  1  2  3  4 |
---------------+-------------+-----
Spellcasting   | 4 |  4.1
Stealth        | 2 |  2.0
Dodging        | 3 |  3.2
Fighting       | |  0.1
Armour         | |  0.1

Action                   |  1- 3 |  4- 6 || total
-------------------------+-------+-------++-------
Melee: Unarmed           |     2 |     2 ||     4
       Trident           |       |     3 ||     3
Throw: Boomerang         |       |    12 ||    12
 Cast: Summon Small Mamm |    25 |     8 ||    33
       Call Imp          |     7 |    11 ||    18
       Call Canine Famil |       |     6 ||     6
Invok: Foxfire Swarm     |     2 |       ||     2
       Fiery Armour      |       |     2 ||     2
  Use: Scroll            |     4 |     4 ||     8
       Potion            |     2 |       ||     2
Armor: Robe              |    13 |    39 ||    52
Dodge: Dodged            |    43 |    81 ||   124
